 Dungeon Crawl Stone Soup version 0.27.0-1-g7a089689b8 (webtiles) character file.

Game seed: 17079077985450896343

231 Naeght the Conjurer (level 5, 0/28 HPs)
             Began as a Deep Elf Conjurer on Aug 11, 2021.
             Succumbed to a water moccasin's poison
             ... on level 3 of the Dungeon on Aug 12, 2021.
             The game lasted 00:06:15 (3236 turns).

Naeght the Conjurer (Deep Elf Conjurer)             Turns: 3236, Time: 00:06:16

Health: 0/28       AC:  3    Str:  5    XL:     5   Next: 73%
Magic:  9/14       EV: 13    Int: 23    God:
Gold:   109        SH:  0    Dex: 13    Spells: 10/14 levels left

rFire    + . .     SeeInvis .   n - +1 war axe (flame)
rCold    x . .     Faith    .   (no shield)
rNeg     . . .     Spirit   .   a - +0 robe
rPois    .         Reflect  .   (no helmet)
rElec    .         Harm     .   d - +0 cloak
rCorr    .         Rampage  .   (no gloves)
Will     .....                  (no boots)
Stlth    ++........             (no amulet)
HPRegen  0.09/turn              j - ring of fire
MPRegen  0.14/turn              (no ring)

@: lethally poisoned (0 -> -15)
A: no striking features
a: no special abilities


You were on level 3 of the Dungeon.
You visited 1 branch of the dungeon, and saw 3 of its levels.

You collected 109 gold pieces.

Inventory:

Hand Weapons
 n - a +1 war axe of flaming (weapon)
Missiles
 k - a throwing net
Armour
 a - a +0 robe (worn)
 d - a +0 cloak (worn)
Jewellery
 j - a ring of fire (left hand)
Scrolls
 b - a scroll of immolation {unknown}
 c - 2 scrolls of enchant armour {unknown}
 e - 5 scrolls of identify {unknown}
 f - 2 scrolls of blinking {unknown}
 i - a scroll of magic mapping {unknown}
 l - 2 scrolls of teleportation {unknown}
Potions
 g - 3 potions of curing {unknown}
 h - a potion of lignification {unknown}
 m - a potion of resistance {unknown}


   Skills:
 + Level 3.6 Dodging
 + Level 3.8 Stealth
 * Level 5.3 Spellcasting
 * Level 5.7 Conjurations


You had 10 spell levels left.
You knew the following spells:

 Your Spells              Type           Power      Damage    Failure   Level
a - Magic Dart            Conj           100%       1d8       1%          1
b - Searing Ray           Conj           64%        3d5       1%          2
c - Foxfire               Conj/Fire      100%       2x1d9     2%          1

Your spell library contained the following spells:

 Spells                   Type           Power      Damage    Failure   Level
 Conjure Flame            Conj/Fire      28%        6-21      9%          3
 Dazzling Flash           Conj/Hex       38%        N/A       9%          3
 Inner Flame              Hex/Fire       9%         N/A       28%         3
 Fulminant Prism          Conj/Hex       9%         3d7       28%         4
 Iskenderun's Mystic Bla  Conj/Tloc      19%        2d6       28%         4


Dungeon Overview and Level Annotations

Branches:
Dungeon (3/15)

Altars:
Gozag
Okawaru

Annotations:
D:3 Ravenswing17's ghost, amateur MfAK


Message History

You open the gate.
Ravenswing17's ghost turns its malevolent gaze towards you.
The water moccasin bites you. The water moccasin misses you.
The water moccasin bites you.
Casting: Magic Dart (safe; 1% risk of failure)
Confirm with . or Enter, or press ? or * to list all spells.
Aiming: Searing Ray (safe; 1% risk of failure)
Press: ? - help, Shift-Dir - straight line, f - Ravenswing17's ghost
Aim: Ravenswing17's ghost (76% to hit)
The searing ray hits the water moccasin!
The water moccasin is moderately wounded.
The searing ray hits the adder!
The adder is almost dead.
The searing ray hits Ravenswing17's ghost.
Ravenswing17's ghost is lightly damaged. (Press . to maintain the ray.)
The water moccasin closely misses you. The water moccasin bites you!
The searing ray hits the water moccasin!
The water moccasin is heavily wounded.
The searing ray hits the adder!
You kill the adder!
The searing ray hits Ravenswing17's ghost.
Ravenswing17's ghost is lightly damaged.
The water moccasin bites you.
The searing ray hits the water moccasin.
The water moccasin is severely wounded.
The searing ray hits Ravenswing17's ghost!
Ravenswing17's ghost is moderately damaged.
The adder hisses angrily.
The water moccasin bites you.
* * * LOW HITPOINT WARNING * * *
You are lethally poisoned!
The water moccasin poisons you!
The searing ray hits the water moccasin!
The water moccasin is almost dead.
The searing ray hits Ravenswing17's ghost!
Ravenswing17's ghost is heavily damaged.
You finish channeling your searing ray.
You die...

..#.##.######.# ########
............).########.8∩8.##
###..###.###........#.....?∩#
#.## ##.##..#######8.$8.$8# #)#
#.....# #..._..$# ###.## ##.#...#
##$....## ### ..)..###.##...#
###'''### #..
###.......#...#######.......# #.#
##..............@SW..S...#### #.#
...........##.########..## #.#
#..........##.# #.## #.#
#''####.......########.##### #<#
......#..####..............####.#
......#.## #..#####)............
8##8..### #..# #.#.###.##....
####..# #..#####.#.# #.####.#
####..# #..##....#.# #.# #.#


You could see a water moccasin, Ravenswing17's ghost and an adder.

Vanquished Creatures
  A phantom (D:3)
  6 gnolls
  4 adders
  A worm (D:3)
  A dart slug (D:1)
  An orc (D:3)
  An endoplasm (D:2)
  A giant cockroach (D:1)
  9 goblins
  4 hobgoblins
  2 jackals (D:3)
  6 kobolds
  2 quokkas
  4 ball pythons
  5 bats
  4 frilled lizards
  8 rats
60 creatures vanquished.

Vanquished Creatures (others)
  2 foxfires (D:2)
2 creatures vanquished.

Grand Total: 62 creatures vanquished

Notes
Turn   | Place    | Note
-------+----------+-------------------------------------------
     0 | D:1      | Naeght the Deep Elf Conjurer began the quest for the Orb.
     0 | D:1      | Reached XP level 1. HP: 10/10 MP: 6/6
   405 | D:1      | Reached XP level 2. HP: 15/15 MP: 6/8
   673 | D:1      | Reached XP level 3. HP: 19/19 MP: 7/10
   722 | D:1      | Found a faded altar of an unknown god.
  1421 | D:2      | Learned a level 2 spell: Searing Ray
  1605 | D:2      | Reached skill level 5 in Conjurations
  1648 | D:2      | Learned a level 1 spell: Foxfire
  1900 | D:3      | Reached XP level 4. HP: 20/24 MP: 8/12
  2238 | D:3      | Found a runed translucent gate.
  2238 | D:3      | Found a runed translucent gate.
  2239 | D:3      | Found a runed translucent gate.
  2249 | D:3      | Noticed a phantom
  2259 | D:3      | Killed a phantom
  2260 | D:3      | Reached skill level 5 in Spellcasting
  2260 | D:3      | Reached XP level 5. HP: 28/28 MP: 3/14
  2358 | D:3      | Found an opulent altar of Gozag.
  2358 | D:3      | Noticed a water moccasin
  2359 | D:3      | Noticed Ravenswing17's ghost (amateur MfAK)
  3006 | D:3      | Found an iron altar of Okawaru.
  3236 | D:3      | Succumbed to a water moccasin's poison

Illustrated notes

Levels and vault maps discovered:
D:1:      scummos_arrival_hexagon, layout_basic,
          hellmonk_ecumenical_altar_pennies_from_heaven
D:2:      layout_basic, minmay_pentomino_o4
D:3:      layout_loops_ring, okawaru_altar_gauntlet_db, ebering_ghost_gozag,
          kennysheep_generic_room_6

Skill      XL: |  1  2  3  4 |
---------------+-------------+-----
Spellcasting   | 4 5 |  5.3
Stealth        | 3 |  3.8
Dodging        | 3 |  3.6
Conjurations   | 5 |  5.7

Action                   |  1- 3 |  4- 6 || total
-------------------------+-------+-------++-------
Melee: Unarmed           |     2 |       ||     2
 Cast: Magic Dart        |    56 |    50 ||   106
       Searing Ray       |     1 |     2 ||     3
       Foxfire           |     1 |       ||     1
Armor: Robe              |     1 |     8 ||     9
Dodge: Dodged            |     3 |    16 ||    19
